 Seeded DCSS version 0.30.1-4-g462c640d31 (webtiles) character file.

Game seed: 6351066067085065685 (custom seed)

1740 Esekla the Thaumaturge (level 8, 0/41 HPs)
             Began as a Deep Elf Wanderer on Sept 8, 2023.
             Was a Believer of Vehumet.
             Slain by Pikel
             ... wielding a +1 whip of flaming
              (3 damage)
             ... on level 6 of the Dungeon.
             The game lasted 00:46:01 (5667 turns).

Esekla the Thaumaturge (Deep Elf Wanderer)          Turns: 5667, Time: 00:46:01

Health: 0/41       AC:  5    Str: 11    XL:     8   Next: 77%
Magic:  13/24      EV: 12    Int: 21    God:    Vehumet [**....]
Gold:   368        SH:  4    Dex: 11    Spells: 15/27 levels left

rFire   . . .        a - +2 dagger (vamp)
rCold   . . .        d - +0 buckler
rNeg    . . .        I - +0 robe
rPois   .            j - +0 helmet
rElec   .            E - +0 cloak
rCorr   .            l - +0 pair of gloves
SInv    .            (no boots)
Will    .....        A - amulet of magic regeneration
Stlth   ++           (no ring)
HPRegen 0.26/turn    (no ring)
MPRegen 0.59/turn

%: no passive effects
@: on blink cooldown
A: no striking features
a: Renounce Religion


You were on level 6 of the Dungeon.
You worshipped Vehumet.
Vehumet was pleased with you.
You visited 1 branch of the dungeon, and saw 7 of its levels.

You collected 368 gold pieces.

Inventory:

Hand Weapons
 a - a +2 vampiric dagger (weapon)
 c - a +0 scimitar
 r - a +4 trident of venom
 s - the +5 rapier of the Hero {heavy, rN+ Dex+3}
   (You found it on level 3 of the Dungeon)

   Dex:       It affects your dexterity (+3).
   rN:        It protects you from negative energy.
Missiles
 y - 7 poisoned darts (quivered)
Armour
 d - a +0 buckler (worn)
 j - a +0 helmet (worn)
 l - a +0 pair of gloves (worn)
 E - a +0 cloak (worn)
 I - a +0 robe (worn)
Jewellery
 A - an amulet of magic regeneration (around neck)
Wands
 i - a wand of roots (16)
 m - a wand of flame (15)
 G - a wand of mindburst (9)
Scrolls
 n - 2 scrolls of fear
 o - 3 scrolls of enchant weapon {unknown}
 p - 2 scrolls of amnesia {unknown}
 q - a scroll of enchant armour {unknown}
 t - 4 scrolls of blinking {unknown}
 v - 2 scrolls of fog {unknown}
 w - 7 scrolls of identify {unknown}
 z - a scroll of immolation {unknown}
 B - a scroll of magic mapping {unknown}
 C - a scroll of silence {unknown}
 D - a scroll of summoning {unknown}
 F - 2 scrolls of poison {unknown}
 H - 2 scrolls of teleportation {unknown}
Potions
 b - 2 potions of lignification
 e - 2 potions of ambrosia {unknown}
 f - 5 potions of attraction {unknown}
 g - 2 potions of haste {unknown}
 h - 5 potions of curing
 k - a potion of mutation {unknown}
 u - 3 potions of brilliance {unknown}
 x - a potion of heal wounds {unknown}


   Skills:
 + Level 2.5 Short Blades
 + Level 2.4 Throwing
 * Level 4.2 Dodging
 + Level 2.6 Stealth
 + Level 2.0 Shields
 * Level 10.0 Spellcasting
 + Level 2.8 Conjurations
 * Level 5.0 Necromancy
 + Level 3.2 Translocations
 * Level 3.2 Fire Magic
 + Level 1.0 Invocations


You had 15 spell levels left.
You knew the following spells:

 Your Spells              Type           Power      Damage    Failure   Level
a - Magic Dart            Conj           88%        1d7       2%          1
b - Blink                 Tloc           48%        N/A       3%          2
d - Vampiric Draining     Necr           31%        2d8       3%          3
o - Scorch                Fire           48%        2d7       3%          2
p - Apportation           Tloc           48%        N/A       2%          1
t - Teleport Other        Tloc           24%        N/A       7%          3

Your spell library contained the following spells:

 Spells                   Type           Power      Damage    Failure   Level
 Lesser Beckoning         Tloc           48%        N/A       3%          2
 Gell's Gravitas          Tloc           24%        N/A       7%          3
 Ignite Poison            Fire/Tmut/Pois 15%        N/A       17%         3
 Spider Form              Tmut/Pois      10%        N/A       26%         3
 Cause Fear               Hex            5%         N/A       65%         4
 Summon Mana Viper        Hex/Summ       10%        N/A       94%         5


Dungeon Overview and Level Annotations

Branches:
Dungeon (7/15)             Temple (0/1) D:6

Altars:
Dithmenos
Hepliaklqana
Okawaru
Qazlal
Trog
Vehumet
Zin
The Shining One

Shops:
D:2 =   D:4 (

Annotations:
D:6 Pikel


Message History

Casting: Scorch (safe; 3% risk of failure)
Confirm with . or Enter, or press ? or * to list all spells.
Aiming: Vampiric Draining (dangerous; 3% risk of failure)
Press: ? - help, Shift-Dir - straight line, f - Pikel
Aim: Pikel, wielding a +1 whip of flaming, wearing a +0 robe and carrying a wand of roots (6) (lightly wounded, more vulnerable to fire)
You draw life force from Pikel!
You feel life coursing into your body. You block Pikel's attack.
The grasping roots constrict you.
Casting: Vampiric Draining (dangerous; 3% risk of failure)
Confirm with . or Enter, or press ? or * to list all spells.
Aiming: Vampiric Draining (dangerous; 3% risk of failure)
Press: ? - help, Shift-Dir - straight line, f/p - Pikel
Aim: Pikel, wielding a +1 whip of flaming, wearing a +0 robe and carrying a wand of roots (6) (moderately wounded, more vulnerable to fire)
You draw life force from Pikel!
You feel life coursing into your body. Pikel misses you.
The grasping roots constrict you.
The roots grasp on you weakens, but your attempt to escape fails.
Pikel hits you with a +1 whip of flaming.
Pikel burns you. The grasping roots constrict you!
The grasping roots release their grip on you.
Pikel attacks as you move away! Pikel barely misses you.
Pikel is no longer more vulnerable to fire.
You see here a poisoned dart.
y - 7 poisoned darts (gained 1)
The lemure hits you.
* * * LOW HITPOINT WARNING * * *
Casting: Vampiric Draining (dangerous; 3% risk of failure)
Confirm with . or Enter, or press ? or * to list all spells.
You blink.
The lemure closely misses you. Pikel completely misses you.
Casting: Blink (safe; 3% risk of failure)
Confirm with . or Enter, or press ? or * to list all spells.
Aiming: Vampiric Draining (dangerous; 3% risk of failure)
Press: ? - help, Shift-Dir - straight line, f/p - Pikel
Aim: Pikel, wielding a +1 whip of flaming, wearing a +0 robe and carrying a wand of roots (6) (heavily wounded)
You draw life force from Pikel.
You feel life coursing into your body. The lemure hits you.
* * * LOW HITPOINT WARNING * * *
The lemure closely misses you.
Pikel hits you with a +1 whip of flaming!
* * * LOW HITPOINT WARNING * * *
Pikel burns you.
You die...

.. ..#.#####.# ## #< .#.# #..
##.## ## ........#
#...########### ......#.#
#...##.>....#.. ........#
#.......)##.#.#
...>...#.######...##.#..# #..
.[........##.5..........#.....
#.......#.ยง.K5.........###.#..
..!.$....##5@........).#Y.#..
#.#.#.#.#.######...^.....# #..
.........# #...####### #.#
#.###....# #...# ##.###..###
#...# #...[.....#### ##.##
#...##.......# #.#
#......#..##.# #.#
#.#.#..#..##.####.######


You could see Pikel and 3 lemures.

Vanquished Creatures
  A wyvern (D:7)
  Menkaure (D:7)
  A sky beast (D:6)
  A black bear (D:2)
  An ogre (D:5)
  A centaur (D:7)
  A phantom (D:7)
  Blork the orc (D:5)
  A gnoll sergeant (D:7)
  A bullfrog (D:7)
  2 scorpions (D:5)
  A gnoll bouda (D:4)
  5 hounds
  A jelly (D:6)
  Crazy Yiuf (D:7)
  A sleepcap (D:5)
  5 iguanas
  An orc wizard (D:7)
  15 gnolls
  8 adders
  3 white imps
  An ufetubus (D:6)
  A worm (D:4)
  3 dart slugs
  15 orcs
  6 ball pythons
  4 endoplasms
  8 goblins
  5 hobgoblins
  A quokka (D:1)
  4 bats
  4 frilled lizards
  5 kobolds
  A rat (D:2)
111 creatures vanquished.

Notes
Turn   | Place    | Note
-------+----------+-------------------------------------------
     0 | D:1      | Esekla the Deep Elf Wanderer began the quest for the Orb.
     0 | D:1      | Esekla set off with the following items: a +0 club, a
                  | potion of lignification, a +0 robe, a +0 buckler; and the
                  | following spells available to memorise: Apportation, Blink,
                  | Lesser Beckoning, Magic Dart, Ignite Poison, Vampiric
                  | Draining.
     0 | D:1      | Reached XP level 1. HP: 10/10 MP: 7/7
     2 | D:1      | Learned a level 1 spell: Magic Dart
     4 | D:1      | Learned a level 1 spell: Apportation
   247 | D:2      | Found Renulab's Jewellery Shop.
   389 | D:4      | Found a radiant altar of Vehumet.
   400 | D:4      | Found an iron altar of Okawaru.
   412 | D:4      | Found a glowing silver altar of Zin.
   556 | D:4      | Became a worshipper of Vehumet
   693 | D:5      | Entered Level 5 of the Dungeon
   708 | D:5      | Noticed a sleepcap
   725 | D:4      | Found Ponaysk's Antique Weapon Boutique.
   916 | D:3      | Reached XP level 2. HP: 15/15 MP: 9/9
  1005 | D:3      | Reached skill level 5 in Spellcasting
  1015 | D:3      | Reached skill level 1 in Dodging
  1133 | D:3      | Identified the +5 rapier of the Hero {heavy, rN+ Dex+3}
  1263 | D:1      | Reached XP level 3. HP: 14/19 MP: 11/11
  1273 | D:1      | Learned a level 2 spell: Blink
  1277 | D:1      | Learned a level 3 spell: Vampiric Draining
  1368 | D:1      | Reached skill level 1 in Short Blades
  1381 | D:1      | Learned a level 3 spell: Teleport Other
  1444 | D:2      | Noticed a black bear
  1531 | D:1      | Reached skill level 1 in Necromancy
  1602 | D:1      | Reached * piety under Vehumet
  1602 | D:1      | Offered knowledge of Foxfire by Vehumet.
  1744 | D:1      | Reached skill level 1 in Conjurations
  1744 | D:1      | Reached XP level 4. HP: 16/24 MP: 1/13
  1943 | D:2      | Found a faded altar of an unknown god.
  2185 | D:5      | Reached XP level 5. HP: 27/28 MP: 5/15
  2254 | D:5      | Found a shadowy altar of Dithmenos.
  2339 | D:5      | Reached skill level 6 in Spellcasting
  2360 | D:5      | Got the Parchment of the Lumpy Olives
  3139 | D:3      | Found a stormy altar of Qazlal.
  3161 | D:3      | Reached XP level 6. HP: 27/32 MP: 11/17
  3207 | D:3      | Found a hazy altar of Hepliaklqana.
  3210 | D:3      | Found a bloodstained altar of Trog.
  3433 | D:4      | Found a glowing golden altar of the Shining One.
  3548 | D:4      | Reached skill level 1 in Throwing
  3662 | D:4      | Reached skill level 7 in Spellcasting
  3785 | D:5      | Reached XP level 7. HP: 18/36 MP: 14/19
  4115 | D:5      | Reached ** piety under Vehumet
  4115 | D:5      | Offered knowledge of Scorch by Vehumet.
  4119 | D:5      | Learned a level 2 spell: Scorch
  4704 | D:6      | Noticed Pikel
  4770 | D:7      | Found a runed translucent door.
  4774 | D:7      | Noticed Crazy Yiuf
  4783 | D:7      | Killed Crazy Yiuf
  4866 | D:7      | Noticed a wyvern
  4876 | D:7      | Killed a wyvern
  4877 | D:7      | Reached skill level 8 in Spellcasting
  4877 | D:7      | Reached skill level 1 in Fire Magic
  4957 | D:7      | Noticed Menkaure
  4962 | D:7      | Killed Menkaure
  4963 | D:7      | Reached XP level 8. HP: 24/41 MP: 15/22
  5220 | D:7      | Reached skill level 9 in Spellcasting
  5393 | D:6      | Noticed Blork the orc
  5412 | D:5      | Killed Blork the orc
  5646 | D:6      | Found a staircase to the Ecumenical Temple.
  5653 | D:6      | Reached skill level 10 in Spellcasting
  5653 | D:6      | Reached skill level 5 in Necromancy
  5667 | D:6      | Slain by Pikel

Illustrated notes

Levels and vault maps discovered:
D:1:      sevenhm_arrival_forest_fort_small_3, layout_rooms,
          chequers_serial_rivers_room_b, minmay_misc_feat_five
D:2:      layout_loops_ring, dreamdust_ecumenical_altar_angels_and_demons,
          serial_shops, shop
D:3:      layout_basic, grunt_temple_overflow_open, minmay_misc_feat_iff
D:4:      layout_basic, nicolae_overflow_quartered_altars, serial_shops,
          nicolae_diamond_shop
D:5:      layout_loops_ring, lemuel_doored_altar, minmay_misc_feat_rows,
          dreamdust_wishing_well
D:6:      layout_loops_cross, fedhas_altar_fruit_tree,
          minmay_temple_entry_glass, uniq_pikel, uniq_blork_the_orc
D:7:      layout_basic, uniq_menkaure, uniq_joseph, uniq_crazy_yiuf_cottage

Skill      XL: |  1  2  3  4  5  6  7  8 |
---------------+-------------------------+-----
Spellcasting   | 5 6 7 8 10 | 10.0
Dodging        | 1 2 3 4 |  4.2
Short Blades   | 1 2 |  2.5
Necromancy     | 1 2 3 5 |  5.0
Conjurations   | 1 2 |  2.8
Stealth        | 2 |  2.6
Throwing       | 1 2 |  2.4
Shields        | 2 |  2.0
Fire Magic     | 1 3 |  3.2
Translocations | 3 |  3.2
Invocations    | |  1.0

Action                     |  1- 3 |  4- 6 |  7- 9 || total
---------------------------+-------+-------+-------++-------
  Melee: Short sword       |    69 |     7 |       ||    76
         Club              |     1 |       |       ||     1
         Rapier            |     1 |     6 |    21 ||    28
         Dagger            |       |    58 |    74 ||   132
  Throw: Dart              |       |    20 |    10 ||    30
   Cast: Apportation       |    18 |    16 |     5 ||    39
         Magic Dart        |    43 |    36 |    10 ||    89
         Vampiric Draining |     1 |    22 |    29 ||    52
         Scorch            |       |       |    38 ||    38
         Teleport Other    |       |       |     2 ||     2
         Blink             |       |       |     1 ||     1
    Use: Scroll            |     1 |       |       ||     1
         Potion            |       |       |     1 ||     1
   Stab: Sleeping          |     4 |     3 |     1 ||     8
 Armour: Robe              |    24 |    17 |    23 ||    64
  Dodge: Dodged            |    59 |    37 |    82 ||   178
  Block: Buckler           |    15 |    17 |    30 ||    62
